 Dungeon Crawl Stone Soup version 0.25-a0-663-gace7076f2c (webtiles) character file.

Game seed: 6040645500826134483, levelgen mode: deterministic

326853 Amnesiac the Slicer (level 22, 0/146 HPs)
             Began as a Halfling Monk on Mar 25, 2020.
             Was a High Priest of Zin.
             Killed from afar by a starcursed mass (15 damage)
             ... with an accursed screaming
             ... on level 5 of the Abyss on Mar 26, 2020.
             The game lasted 03:02:15 (54601 turns).

Amnesiac the Slicer (Halfling Monk)                Turns: 54601, Time: 03:02:15

Health: 0/146      AC: 23    Str: 12    XL:     22   Next: 62%
Magic:  0/41       EV: 26    Int: 11    God:    Zin [*****.]
Gold:   941        SH: 19    Dex: 27    Spells: 15/31 levels left

rFire    + . .     SeeInvis +   a - +9 rapier (speed)
rCold    + . .     Gourm    .   O - +5 kite shield {AC+3}
rNeg     . . .     Faith    .   V - +0 swamp dragon scales
rPois    +         Spirit   +   i - +2 helmet {Int+3}
rElec    .         Reflect  .   C - scarf {rC+ rF+}
rCorr    .         Harm     .   N - +0 pair of gloves of the Past {*Contam MR+ Slay+5 SInv} (curse)
MR       ++...                  v - +2 pair of boots
Stlth    ++++++....             x - amulet of guardian spirit
HPRegen  0.34/turn              f - ring of magical power
MPRegen  0.27/turn              p - ring of poison resistance

@: flying, very slightly contaminated, hasted, very quick
A: small, mutation resistance 1
}: 2/15 runes: decaying, gossamer
a: Recite, Vitalisation, Imprison, Sanctuary, Donate Gold, Renounce Religion


You were on level 5 of the Abyss.
You worshipped Zin.
Zin was extremely pleased with you.
You were not hungry.

You visited 8 branches of the dungeon, and saw 37 of its levels.
You visited the Abyss 2 times.
You also visited: Gauntlet and Ice Cave.

You collected 4500 gold pieces.
You spent 2407 gold pieces at shops.
You donated 1152 gold pieces to Zin.

Inventory:

Hand Weapons
 a - a +9 rapier of speed (weapon)
 b - a +1 fustibalus of freezing
Missiles
 o - 42 poisoned darts
 y - 1069 arrows
 J - 4 curare-tipped darts (quivered)
Armour
 i - a +2 helmet of intelligence (worn)
 v - a +2 pair of boots (worn)
 C - a scarf of resistance (worn)
 N - the cursed +0 pair of gloves of the Past (worn) {*Contam MR+ Slay+5 SInv}
   (You bought it in a shop on level 2 of the Orcish Mines)

   It affects your accuracy and damage with ranged weapons and melee attacks
   (+5).
   It affects your resistance to hostile enchantments.
   It lets you see invisible.
   It causes magical contamination when unequipped.
   It has a curse placed upon it.
 O - a +5 kite shield of protection (worn)
 V - +0 swamp dragon scales (worn)
Jewellery
 f - a ring of magical power (left hand)
 j - an uncursed ring of resist corrosion
 p - a ring of poison resistance (right hand)
 u - an uncursed ring of magical power
 x - an amulet of guardian spirit (around neck)
 E - an uncursed ring of wizardry
 F - a +4 ring of protection
 P - an uncursed ring of flight
 Z - the ring of Hepliaklqana's Delight {+Fly rF+ Dex+2 SInv, unknown}
   (You found it on level 4 of the Abyss)

   [ring of protection from fire]

   It affects your dexterity (+2).
   It protects you from fire.
   It lets you see invisible.
   It lets you fly.
Wands
 e - a wand of clouds (6)
 n - a wand of digging (6)
 B - a wand of acid (20)
 K - a wand of flame (68)
 M - a wand of enslavement (9)
 R - a wand of paralysis (38)
 X - a wand of disintegration (41)
Scrolls
 d - 3 scrolls of fear {!r}
 h - a scroll of brand weapon {!r}
 k - a scroll of enchant weapon {!r}
 l - 12 scrolls of remove curse {!r}
 s - 15 scrolls of teleportation {!r}
 t - a scroll of summoning {!r}
 w - a scroll of enchant armour {!r}
 A - a scroll of holy word {!r}
 D - 6 scrolls of magic mapping {!r}
 S - 2 scrolls of fog {!r}
Potions
 g - 5 potions of mutation {!q}
 m - 2 potions of invisibility {!q}
 q - 8 potions of curing {!q}
 r - 5 potions of haste {!q}
 z - 7 potions of flight {!q}
 I - 2 potions of might {!q}
 L - 5 potions of stabbing {!q}
 U - 2 potions of cancellation {!q}
 Y - a potion of berserk rage {!q}
Miscellaneous
 G - 2 phantom mirrors
 H - a lightning rod (4/4)
 Q - a fan of gales
 T - 2 tins of tremorstones
Comestibles
 c - 34 rations


   Skills:
 - Level 11.0 Fighting
 - Level 14.0 Short Blades
 - Level 13.5 Armour
 - Level 13.5 Dodging
 - Level 14.0 Stealth
 - Level 13.5 Shields
 - Level 5.0 Spellcasting
 - Level 10.0 Hexes
 + Level 6.7 Charms
 + Level 9.4 Transmutations
 + Level 6.1 Air Magic
 - Level 10.0 Earth Magic
 - Level 13.5 Invocations
 - Level 5.0 Evocations


You had 15 spell levels left.
You knew the following spells:

 Your Spells              Type           Power        Failure   Level  Hunger
a - Sticks to Snakes      Tmut           ###.....     2%          2    ##.....
b - Passwall              Tmut/Erth      ###.....     1%          2    ##.....
c - Summon Small Mammal   Summ           #...         58%         1    None
d - Apportation           Tloc           #.....       58%         1    None
e - Leda's Liquefaction   Hex/Erth       ###.......   12%         4    ####...
f - Deflect Missiles      Chrm/Air       ###.......   100%        6    #######

Your spell library contained the following spells:

 Spells                   Type           Power        Failure   Level  Hunger
 Beastly Appendage        Tmut           ###...       1%          1    None
 Corona                   Hex            ###....      1%          1    None
 Sandblast                Erth           ###...       1%          1    None
 Slow                     Hex            ###.....     1%          2    ##.....
 Confusing Touch          Hex            ###.....     3%          3    ###....
 Cause Fear               Hex            ###.......   12%         4    ####...
 Petrify                  Tmut/Erth      ###.....     14%         4    ####...
 Inner Flame              Hex/Fire       ##......     28%         3    ###....
 Portal Projectile        Hex/Tloc       ##....       28%         3    ###....
 Stone Arrow              Conj/Erth      ##....       28%         3    ###....
 Spider Form              Tmut/Pois      ##........   32%         3    ###....
 Lee's Rapid Deconstruct  Erth           ###.......   34%         5    ######.
 Yara's Violent Unravell  Hex/Tmut       ###.......   36%         5    ######.
 Blade Hands              Tmut           ###.......   38%         5    ######.
 Ozocubu's Armour         Chrm/Ice       ##......     50%         3    ###....
 Ignite Poison            Fire/Tmut/Pois #.......     52%         3    ###....
 Animate Skeleton         Necr           N/A          58%         1    None
 Freeze                   Ice            #...         58%         1    None
 Pain                     Necr           #...         58%         1    None
 Summon Butterflies       Summ           #.......     58%         1    None
 Silence                  Hex/Air        ###.......   58%         5    ######.
 Ice Form                 Ice/Tmut       ##......     71%         4    ####...
 Sublimation of Blood     Necr           #.........   75%         2    ##.....
 Summon Lightning Spire   Summ/Air       #.......     91%         4    ####...
 Statue Form              Tmut/Erth      ###......    91%         6    #######
 Call Canine Familiar     Summ           #.......     92%         3    ###....
 Frozen Ramparts          Ice            #.....       92%         3    ###....
 Gell's Gravitas          Tloc           #.........   92%         3    ###....
 Recall                   Summ/Tloc      N/A          92%         3    ###....
 Vampiric Draining        Necr           #.........   92%         3    ###....
 Hydra Form               Tmut           ###.......   93%         6    #######
 Metabolic Englaciation   Hex/Ice        ##........   95%         5    ######.
 Summon Mana Viper        Hex/Summ       ##......     95%         5    ######.
 Alistair's Intoxication  Tmut/Pois      ##......     96%         5    ######.
 Irradiate                Conj/Tmut      ##........   96%         5    ######.
 Bolt of Magma            Conj/Fire/Erth ##........   99%         5    ######.
 Iskenderun's Battlesphe  Conj/Chrm      ##......     99%         5    ######.
 Animate Dead             Necr           N/A          100%        4    ####...
 Hailstorm                Conj/Ice       #.......     100%        4    ####...
 Summon Ice Beast         Ice/Summ       #.......     100%        4    ####...
 Agony                    Necr           #.......     100%        5    ######.
 Aura of Abjuration       Summ           #.........   100%        5    ######.
 Summon Demon             Summ           #.........   100%        5    ######.
 Summon Forest            Summ/Tloc      #.........   100%        5    ######.
 Conjure Ball Lightning   Conj/Air       #.........   100%        6    #######
 Eringya's Noxious Bog    Tmut/Pois      ##........   100%        6    #######
 Iron Shot                Conj/Erth      ##........   100%        6    #######
 Shadow Creatures         Summ           N/A          100%        6    #######
 Dragon Form              Tmut           ###.......   100%        7    #######
 Orb of Destruction       Conj           #.........   100%        7    #######
 Spellforged Servitor     Conj/Summ      #.........   100%        7    #######
 Summon Hydra             Summ           #.........   100%        7    #######
 Discord                  Hex            ###.......   100%        8    #######
 Shatter                  Erth           ###.......   100%        9    #######
 Tornado                  Air            ###.......   100%        9    #######


Dungeon Overview and Level Annotations

Branches:
Dungeon (15/15)            Temple (1/1) D:6            Lair (6/6) D:9
  Swamp (4/4) Lair:2       Spider (4/4) Lair:4        Slime (0/5) Lair:6
    Orc (2/2) D:11            Elf (3/3) Orc:2        Vaults (0/5) D:14
 Depths (2/5) D:15          IceCv (visited)         Gauntlet (visited)

Altars:
Ashenzari
Cheibriados
Dithmenos
Elyvilon
Fedhas
Gozag
Hepliaklqana
Kikubaaqudgha
Makhleb
Nemelex Xobeh
Okawaru
Qazlal
Ru
Sif Muna
Trog
Uskayaw
Vehumet
Wu Jian
Xom
Yredelemnul
Zin
The Shining One
Jiyva

Shops:
D:7 =**=   D:11 [([   Orc:2 [??**   Elf:2 (*

Portals:
Hell: Depths:1

Annotations:
Swamp:2 2 transporters, Vogy's ghost, journeyman DDFi
Spider:3 Arachne


Innate Abilities, Weirdness & Mutations

You are small and have problems with some larger weapons.
You are somewhat resistant to further mutation.


Message History

The thrashing horror tramples you but does no damage. x2
You see a puff of smoke.
The starcursed mass engulfs you but does no damage.
You can move again.
Unknown command.
Unknown command.
Unknown command.
Unknown command.
Okay, then.
Okay, then.
Okay, then.
Unknown command.
Unknown command.
Okay, then.
Unknown command.
Unknown command.
Unknown command.
Okay, then.
Unknown command.
Okay, then.
Unknown command.
Press: ? - help, v - describe, . - travel
Here: a starcursed mass The floor.
Okay, then.
Unknown command.
Really quaff
r - 6 potions of haste {!q}?
You feel yourself speed up.
The thrashing horror roars!
The thrashing horror tramples you.
* * * LOW HITPOINT WARNING * * *
You hold your ground!
You block the thrashing horror's attack. x2
The thrashing horror barely misses you.
Something unseen opens the door.
A cacophony of accursed wailing tears at your sanity!
* * * LOW HITPOINT WARNING * * *
You shrug off the repeated paralysis!
The blink frog blinks!
The thrashing horror closely misses you.
The thrashing horror misses you.
The blink frog blinks!
Really quaff
z - 8 potions of flight {!q}?
You feel very buoyant.
You fly up into the air.
You block the thrashing horror's attack. x2
A daeva comes into view.
It is wielding a +3 scimitar of holy wrath.
Unknown command.
Unknown command.
Unknown command.
The daeva shouts!
You block the starcursed mass's attack.
A starcursed mass splits.
You block the starcursed mass's attack. The starcursed mass closely misses you.
You block the thrashing horror's attack.
The thrashing horror completely misses you.
The starcursed mass engulfs you but does no damage.
Unknown command.
Okay, then.
The blink frog blinks!
The daeva calls down the wrath of the Shining One upon you.
The Shining One smites you!
* * * LOW HITPOINT WARNING * * *
You block the starcursed mass's attack.
Okay, then.
You block the starcursed mass's attack.
A cacophony of accursed wailing tears at your sanity!
You die...

. ## .# #p
##########A.#
#≈#≈#≈##F#..#
##'..XXXXXXF.# #
.#.#.XX≈≈#.## .
#φ##.._FX≈.≈XF#
.#
##.#.#..X@≈#.##
# . ##
##'.....).)..# .
. #≈#≈#≈##≈#..##
. .#
#p###########'##
. # . ## .###.#
#. #. #. # .
#.#. ..#. # # .
# ##.# # .


You could see 9 starcursed masses, a tentacled monstrosity, a thrashing horror,
a mad acolyte of Lugonu and 3 blink frogs.

Vanquished Creatures
  Bai Suzhen (Spider:3)
  Nikola (Spider:4)
  A starcursed mass (Abyss:3)
  2 hellephants (Elf:1)
  2 tentacled monstrosities (Abyss:4)
  A deep elf blademaster (Elf:2)
  3 tentacled starspawn (Abyss:3)
  Gastronok (Lair:3)
  Agnes (D:15)
  Kirke (Swamp:3)
  8 thorn hunters
  2 ghost moths (Spider:4)
  8 emperor scorpions
  Louise (D:15)
  Aizul (Spider:2)
  5 deep elf sorcerers (Elf:3)
  2 reapers (Abyss:3)
  2 stone giants
  A deep elf elementalist (Elf:3)
  4 entropy weavers
  2 vampire knights (Swamp:4)
  4 deep elf demonologists (Elf:3)
  5 deep elf annihilators
  A minotaur (Gauntlet)
  4 spark wasps
  A spark wasp (shapeshifter) (Elf:1)
  A wizard (Abyss:5)
  9 very ugly things
  3 deep elf death magi
  A fire dragon (shapeshifter) (Elf:1)
  2 fire dragons (D:15)
  2 deep elf high priests (Elf:3)
  Erolcha (D:12)
  2 ice dragons (Depths:1)
  17 hydras
  2 catoblepae
  A shambling mangrove (Swamp:4)
  4 rakshasas
  4 centaur warriors
  36 dancing weapons
  A queen ant (Lair:5)
  2 ogre magi (Depths:1)
  12 alligators
  A merfolk avatar (Abyss:5)
  A deep troll earth mage (Depths:1)
  7 death yaks (Lair:6)
  4 deep troll shamans
  14 two-headed ogres
  3 tengu warriors
  3 thrashing horrors (Abyss:3)
  An orc high priest (Elf:2)
  3 hell hogs (Abyss:3)
  A soul eater (Depths:1)
  23 deep elf knights
  5 spriggans
  6 small abominations
  5 wretched stars
  A glowing orange brain (Abyss:3)
  3 unseen horrors
  4 skeletal warriors (D:14)
  2 deep trolls
  2 flayed ghosts (Swamp:4)
  A sea snake (shapeshifter) (Elf:1)
  3 spectral hydras (Swamp:4)
  6 spriggan druids
  A swamp dragon (shapeshifter) (Elf:1)
  A shadow demon (Abyss:3)
  8 swamp dragons
  9 deep elf archers
  A lindwurm (Lair:6)
  2 orc knights
  A necromancer (IceCv)
  A harpy (shapeshifter) (Abyss:4)
  A fire giant zombie (Abyss:3)
  58 deep elf magi
  4 cyclopes
  12 oklob plants
  19 orb spiders
  22 wolf spiders
  36 ugly things
  3 orc sorcerers
  A cyclops (shapeshifter) (Elf:1)
  3 manticores
  A salamander (shapeshifter) (Elf:1)
  A moth of wrath (shapeshifter) (Abyss:4)
  6 black mambas
  Maurice (D:12)
  6 centaur zombies
  9 elephants (Lair:6)
  3 moths of wrath
  3 apocalypse crabs
  10 spiny frogs
  A molten gargoyle (Gauntlet)
  Maggie (D:8)
  2 ice statues (IceCv)
  4 gargoyles
  A torpor snail (Spider:1)
  10 large abominations
  3 smoke demons (Abyss:3)
  A yaktaur (D:13)
  5 rime drakes
  A spiny frog (shapeshifter) (Depths:1)
  A rime drake (shapeshifter) (Depths:2)
  10 demonic crawlers
  2 efreet
  10 komodo dragons
  6 hellwings (Depths:1)
  A freezing wraith (D:14)
  4 ice devils (IceCv)
  2 tengu conjurers
  6 red devils (Depths:1)
  A hydra zombie (Swamp:4)
  9 trolls
  2 ancient zymes (Abyss:3)
  A death drake zombie (Swamp:4)
  A jumping spider (shapeshifter) (Elf:2)
  10 hornets
  6 polar bears
  26 jumping spiders
  7 meliai
  11 tyrant leeches
  3 raiju (Abyss:3)
  18 slime creatures
  3 hydra skeletons (Swamp:4)
  11 dream sheep
  8 bog bodies
  23 blink frogs
  7 hippogriffs
  A death drake skeleton (Swamp:4)
  18 tarantellas
  7 air elementals
  6 wyverns
  A ynoxinul (Abyss:3)
  3 shadows
  39 yaks
  2 wraiths
  3 vampires
  2 fire elementals (Elf:2)
  A black mamba skeleton (Abyss:3)
  4 fire bats
  A water elemental (Elf:2)
  A basilisk (shapeshifter) (Elf:1)
  56 redbacks
  3 basilisks
  3 hogs (Swamp:3)
  A neqoxec (Abyss:4)
  28 vampire mosquitoes
  7 chaos spawn (Abyss:3)
  3 wargs (Orc:1)
  17 swamp worms
  An acid dragon (D:13)
  3 hydra simulacra (Swamp:4)
  13 soldier ants (Lair:5)
  23 insubstantial wisps
  A hell hound (Abyss:4)
  19 swamp drakes
  9 porcupines
  10 water moccasins
  27 orc warriors
  6 ice beasts
  A sky beast (D:10)
  6 black bears
  An eye of draining (D:15)
  13 ogres
  2 phantoms
  3 swamp dragon zombies (Swamp:4)
  4 boggarts (Depths:2)
  32 wolves
  25 centaurs
  13 crocodiles
  A swamp dragon skeleton (Swamp:4)
  A big kobold (D:10)
  4 earth elementals
  A wyvern zombie (D:15)
  17 bullfrogs
  A wyvern skeleton (D:11)
  6 scorpions
  7 killer bees
  4 wights (D:6)
  2 howler monkeys
  A draconian simulacrum (IceCv)
  A bullfrog zombie (D:9)
  9 crimson imps
  11 hounds
  7 centaur skeletons
  3 jellies
  2 gnoll shamans
  8 orc priests
  3 bullfrog skeletons
  15 orc wizards
  5 iguanas
  Natasha (thrice) (D:3)
  2 troll simulacra (IceCv)
  29 worker ants
  2 spriggan simulacra (IceCv)
  2 centaur simulacra (IceCv)
  A hound zombie (D:5)
  2 hound skeletons (D:11)
  A worker ant zombie (D:10)
  14 adders
  15 gnolls
  2 naga simulacra (IceCv)
  An ogre simulacrum (IceCv)
  5 shadow imps
  A white imp (Abyss:3)
  An ufetubus (Abyss:3)
  2 oozes (D:1)
  4 adder skeletons
  An adder zombie (D:5)
  5 worms
  3 dart slugs
  5 leopard geckos
  58 orcs
  A ball python (D:5)
  4 giant cockroaches
  6 goblins
  5 hobgoblins
  8 jackals
  8 kobolds
  6 quokkas
  10 bats
  2 frilled lizards
  A giant cockroach zombie (D:3)
  3 jackal skeletons
  12 rats
  4 briar patches (Swamp:4)
  A fungus (Lair:5)
  A lurking horror (Abyss:4)
  3 pillars of salt
  4 plants
1471 creatures vanquished.

Vanquished Creatures (collateral kills)
  A very ugly thing (Depths:1)
  An ugly thing (Depths:1)
  An orc knight (Orc:2)
  4 orc warriors (Orc:2)
7 creatures vanquished.

Vanquished Creatures (others)
  A spark wasp (shapeshifter) (Elf:1)
  An orc knight (Orc:2)
  A large abomination (Abyss:5)
  2 deep elf magi (Elf:1)
  A manticore (shapeshifter) (Elf:1)
  A spiny frog (Swamp:2)
  A hornet (Swamp:3)
  A tyrant leech (Swamp:3)
  A slime creature (Swamp:1)
  A shadow (Swamp:3)
  A fire elemental (Elf:1)
  An orc warrior (Orc:2)
  A small abomination (Abyss:3)
  An orc wizard (D:13)
  3 orcs
  4 briar patches (Swamp:4)
  24 demonic plants (Gauntlet)
  8 fungi
  A lurking horror (Abyss:3)
  6 pillars of salt
  33 plants
  14 starspawn tentacles (Abyss:3)
108 creatures vanquished.

Grand Total: 1586 creatures vanquished

Notes
Turn   | Place    | Note
-------+----------+-------------------------------------------
     0 | D:1      | Amnesiac the Halfling Monk began the quest for the Orb.
     0 | D:1      | Reached XP level 1. HP: 15/15 MP: 1/1
    28 | D:1      | Reached XP level 2. HP: 13/20 MP: 2/2
   280 | D:1      | Reached XP level 3. HP: 18/25 MP: 3/3
   563 | D:2      | Reached XP level 4. HP: 27/30 MP: 4/4
   648 | D:3      | Noticed Natasha
   664 | D:3      | Killed Natasha
   812 | D:3      | Found a snail-covered altar of Cheibriados.
   819 | D:3      | Noticed Natasha
   834 | D:3      | Killed Natasha
   834 | D:3      | Reached XP level 5. HP: 28/35 MP: 5/5
   850 | D:3      | Reached skill level 5 in Stealth
   945 | D:3      | Found a basalt altar of Yredelemnul.
  1005 | D:3      | Noticed Natasha
  1022 | D:3      | Reached skill level 5 in Invocations
  1022 | D:3      | Reached skill level 5 in Evocations
  1022 | D:3      | Reached XP level 6. HP: 29/43 MP: 5/10
  1030 | D:3      | Killed Natasha
  1156 | D:3      | Found a white marble altar of Elyvilon.
  1295 | D:4      | Found a hide-covered altar of Uskayaw.
  1295 | D:4      | Found a bloodstained altar of Trog.
  1296 | D:4      | Found an ancient bone altar of Kikubaaqudgha.
  2264 | D:2      | Reached skill level 1 in Armour
  2294 | D:2      | Reached XP level 7. HP: 47/49 MP: 11/11
  3992 | D:5      | Entered Level 5 of the Dungeon
  4172 | D:5      | Reached skill level 5 in Fighting
  4228 | D:5      | Reached XP level 8. HP: 55/55 MP: 12/12
  4462 | D:5      | Learned a level 1 spell: Animate Skeleton
  4464 | D:5      | Learned a level 1 spell: Apportation
  4466 | D:5      | Learned a level 1 spell: Summon Small Mammal
  4890 | D:6      | Found a staircase to the Ecumenical Temple.
  4895 | D:6      | Got a dazzling dagger
  4901 | D:6      | Identified the +7 dagger "Yhipseam" {flame, +Rage MR+} (You
                  | found it on level 6 of the Dungeon)
  4913 | D:6      | Reached skill level 5 in Armour
  4958 | Gauntlet | Identified a paperback manual
  4958 | Temple   | Entered the Ecumenical Temple
  5205 | Temple   | Became a worshipper of Zin the Law-Giver
  5205 | Temple   | Reached * piety under Zin
  5205 | Temple   | Reached ** piety under Zin
  5205 | Temple   | Reached *** piety under Zin
  5206 | Temple   | Donated 106 gold pieces to Zin
  5207 | Temple   | Donated 53 gold pieces to Zin
  5208 | Temple   | Donated 27 gold pieces to Zin
  5209 | Temple   | Donated 13 gold pieces to Zin
  5210 | Temple   | Donated 7 gold pieces to Zin
  5211 | Temple   | Donated 3 gold pieces to Zin
  5212 | Temple   | Donated 2 gold pieces to Zin
  5302 | D:6      | Found a glowing golden altar of the Shining One.
  5422 | D:6      | Reached XP level 9. HP: 36/61 MP: 13/13
  5832 | D:6      | Reached **** piety under Zin
  6106 | D:7      | Found Dytyc's Jewellery Shop.
  6119 | D:7      | Noticed a troll
  6121 | D:7      | Found Wuerhen's General Store.
  6126 | D:7      | Killed a troll
  6127 | D:7      | Found Evi Veal's Jewellery Emporium.
  6153 | D:7      | Bought a scroll of magic mapping for 42 gold pieces
  6250 | D:7      | Found a shimmering altar of Xom.
  6325 | D:7      | Found Tobresm's Assorted Antiques.
  6328 | D:7      | Bought a scroll labeled BEDOTE UTAOTT for 21 gold pieces
  6328 | D:7      | Bought a scroll labeled HORECHE YFFUI for 21 gold pieces
  6328 | D:7      | Bought a scroll labeled HORECHE YFFUI for 21 gold pieces
  6328 | D:7      | Bought an orange potion for 18 gold pieces
  6814 | D:8      | Reached ***** piety under Zin
  6850 | D:8      | Learned a level 2 spell: Passwall
  6983 | D:8      | Noticed Maggie
  7005 | D:8      | Killed Maggie
  7005 | D:8      | Reached XP level 10. HP: 66/66 MP: 14/16
  7784 | D:9      | Reached skill level 10 in Invocations
  8420 | D:9      | Found a staircase to the Lair.
  8432 | D:9      | Reached XP level 11. HP: 26/72 MP: 18/18
  9047 | Lair:1   | Entered Level 1 of the Lair of Beasts
  9324 | Lair:1   | Noticed a four-headed hydra
  9330 | Lair:1   | Killed a four-headed hydra
 10578 | D:10     | Entered Level 10 of the Dungeon
 11246 | D:10     | Reached XP level 12. HP: 71/81 MP: 19/19
 11386 | D:10     | Noticed a two-headed ogre
 11400 | D:10     | Killed a two-headed ogre
 11421 | D:10     | Reached ****** piety under Zin
 11425 | D:10     | Learned a level 2 spell: Sticks to Snakes
 12157 | D:11     | Found a frozen archway.
 12171 | IceCv    | Entered an ice cave
 12629 | IceCv    | Reached skill level 1 in Transmutations
 12886 | IceCv    | Got a steaming falchion
 13246 | D:11     | Reached skill level 10 in Dodging
 13289 | D:11     | Reached skill level 10 in Armour
 13325 | D:11     | Found Wugawk's Antique Armour Emporium.
 13482 | D:11     | Found Hahiz's Armour Shoppe.
 13483 | D:11     | Found a staircase to the Orcish Mines.
 13485 | D:11     | Found Koem's Weapon Shoppe.
 13585 | D:11     | Bought 2 curare-tipped darts for 16 gold pieces
 13869 | D:12     | Noticed Erolcha
 13875 | D:12     | Killed Erolcha
 13955 | D:12     | Noticed Maurice
 13969 | D:12     | Identified the +8 falchion of Bodily Humours {vorpal, +Inv}
                  | (You found it in an ice cave)
 13974 | D:12     | Killed Maurice
 14226 | D:12     | Reached skill level 1 in Earth Magic
 14226 | D:12     | Reached XP level 13. HP: 87/88 MP: 20/20
 14473 | D:12     | Reached skill level 1 in Spellcasting
 14819 | D:12     | Got an ichor-stained ring mail
 14830 | D:12     | Identified the cursed +1 ring mail of Fortification {Str+2
                  | Int+3 Dex+3} (You found it on level 12 of the Dungeon)
 15331 | D:13     | Noticed a centaur warrior
 15350 | D:13     | Killed a centaur warrior
 15350 | D:13     | Reached skill level 5 in Transmutations
 15727 | D:13     | Reached skill level 5 in Earth Magic
 15753 | D:11     | Bought a +0 kite shield of protection for 172 gold pieces
 15799 | D:14     | Found a gate leading to a gauntlet.
 15800 | D:14     | Reached skill level 1 in Shields
 15812 | Gauntlet | Entered a Gauntlet
 15812 | Gauntlet | Found a transporter.
 15812 | Gauntlet | Found a transporter.
 15814 | Gauntlet | Found a transporter.
 15816 | Gauntlet | Found a transporter.
 15825 | Gauntlet | Noticed a death ooze
 15826 | Gauntlet | Found a transporter.
 15830 | Gauntlet | Found a transporter.
 15832 | Gauntlet | Found a large runed translucent door.
 15833 | Gauntlet | Found a large runed translucent door.
 15834 | Gauntlet | Found a large runed translucent door.
 15834 | Gauntlet | Found a large runed translucent door.
 15834 | Gauntlet | Found a runed translucent door.
 15835 | Gauntlet | Found a large runed translucent door.
 15836 | Gauntlet | Found a large runed translucent door.
 15837 | Gauntlet | Found a large runed translucent door.
 15837 | Gauntlet | Found a large runed translucent door.
 15838 | Gauntlet | Found a runed translucent gate.
 15840 | Gauntlet | Found a transporter.
 15927 | Gauntlet | Found a transporter.
 15931 | Gauntlet | Found a transporter.
 15945 | Gauntlet | Found a transporter.
 15946 | Gauntlet | Found a transporter.
 15947 | Gauntlet | Found a large runed translucent door.
 15948 | Gauntlet | Found a large runed translucent door.
 15949 | Gauntlet | Found a large runed translucent door.
 15949 | Gauntlet | Found a large runed translucent door.
 15949 | Gauntlet | Found a runed translucent door.
 15950 | Gauntlet | Found a large runed translucent door.
 15951 | Gauntlet | Found a large runed translucent door.
 15952 | Gauntlet | Found a large runed translucent door.
 15952 | Gauntlet | Found a large runed translucent door.
 15953 | Gauntlet | Found a runed translucent gate.
 15953 | Gauntlet | Found a runed translucent gate.
 15954 | Gauntlet | Noticed a catoblepas
 15955 | Gauntlet | Found a transporter.
 16101 | Gauntlet | Got a pair of pitted gloves
 16369 | Gauntlet | Identified the +0 pair of gloves of Proximity {rC- Dex+3}
                  | (You found it in a Gauntlet)
 16788 | Gauntlet | Killed a catoblepas
 17050 | Gauntlet | Noticed a minotaur
 17083 | Gauntlet | Killed a minotaur
 17083 | Gauntlet | Reached skill level 5 in Shields
 17098 | Gauntlet | Got a dull robe
 17477 | D:14     | Noticed an eight-headed hydra
 17715 | D:13     | Reached XP level 14. HP: 87/94 MP: 21/21
 17718 | D:13     | Noticed a stone giant
 17935 | Orc:1    | Entered Level 1 of the Orcish Mines
 18146 | Orc:2    | Entered Level 2 of the Orcish Mines
 18616 | D:13     | Killed a stone giant
 18616 | D:13     | Reached skill level 10 in Shields
 19115 | D:13     | Identified the +1 robe of the Doge {rF+} (You found it in a
                  | Gauntlet)
 19723 | Orc:2    | Found Botzenul's Magic Scroll Shop.
 19723 | Orc:2    | Found Urisyg's Magic Scroll Shoppe.
 19726 | Orc:2    | Found Obbiyxu's Antique Armour Boutique.
 19728 | Orc:2    | Found Gucvesch's General Store.
 19798 | Orc:2    | Found a staircase to the Elven Halls.
 19807 | Orc:2    | Found Qylimp's Assorted Antiques.
 19815 | Orc:2    | Bought a pair of glowing boots for 202 gold pieces
 20140 | Orc:2    | Bought a pair of shimmering gloves for 351 gold pieces
 20145 | Orc:2    | Identified the cursed +0 pair of gloves of the Past
                  | {*Contam MR+ Slay+5 SInv} (You bought it in a shop on level
                  | 2 of the Orcish Mines)
 20190 | Orc:2    | Bought a notched wooden ring for 135 gold pieces
 20348 | D:7      | Bought an opal ring for 105 gold pieces
 20511 | Orc:2    | Bought a scroll of blinking for 202 gold pieces
 20543 | Orc:2    | Bought a runed scarf for 296 gold pieces
 20937 | D:14     | Found a gate to the Vaults.
 21602 | D:14     | Found a blossoming altar of Fedhas.
 21793 | D:15     | Entered Level 15 of the Dungeon
 21799 | D:15     | Reached XP level 15. HP: 100/100 MP: 23/23
 21904 | D:15     | Noticed Louise
 22610 | D:15     | Got a pitted whip
 22653 | D:15     | Noticed Agnes
 22706 | D:15     | Killed Agnes
 22738 | D:15     | Killed Louise
 23057 | D:15     | Found a sacrificial altar of Ru.
 23298 | D:15     | Found a staircase to the Depths.
 23432 | Depths:1 | Entered Level 1 of the Depths
 23675 | Depths:1 | Found a gateway to Hell.
 23908 | Depths:1 | Noticed a cyan very ugly thing
 23909 | Depths:1 | Noticed a cyan very ugly thing
 24169 | Depths:1 | Reached XP level 16. HP: 88/108 MP: 24/24
 25280 | Depths:2 | Reached skill level 10 in Fighting
 25282 | Depths:2 | Noticed a fire giant
 25673 | Lair:2   | Found a staircase to the Swamp.
 27430 | Orc:2    | Bought a scroll of enchant armour for 82 gold pieces
 27431 | Orc:2    | Bought a scroll of enchant armour for 82 gold pieces
 27507 | D:11     | Bought a shimmering leather armour for 196 gold pieces
 27517 | D:11     | Identified the +3 leather armour "Difri" {rF+ Dex+4} (You
                  | bought it in a shop on level 11 of the Dungeon)
 27649 | Lair:3   | You fall into a shaft and drop 2 floors!
 27918 | Lair:4   | Found a hole to the Spider Nest.
 28910 | Lair:3   | Noticed Gastronok
 28918 | Lair:3   | Killed Gastronok
 29443 | Lair:3   | Got a slimy war axe
 29656 | Spider:1 | Entered Level 1 of the Spider Nest
 29992 | Lair:5   | Reached XP level 17. HP: 86/116 MP: 26/26
 30411 | Lair:5   | Learned a level 4 spell: Leda's Liquefaction
 30978 | Lair:6   | Entered Level 6 of the Lair of Beasts
 31371 | Lair:6   | Reached skill level 1 in Hexes
 32369 | Lair:6   | Found a runed translucent door.
 32371 | Lair:6   | Found a viscous altar of Jiyva.
 32371 | Lair:6   | Found a staircase to the Slime Pits.
 32966 | Depths:1 | Reached skill level 10 in Short Blades
 33523 | Depths:1 | HP: 4/117 [rakshasa collision (13)]
 33526 | Depths:1 | HP: 1/117 [ice dragon (illusionary)/blast of cold (9)]
 34467 | Depths:1 | Was placed under penance by Zin
 34472 | Depths:1 | Donated 354 gold pieces to Zin
 34473 | Depths:1 | Donated 177 gold pieces to Zin
 34474 | Depths:1 | Donated 88 gold pieces to Zin
 34475 | Depths:1 | Donated 44 gold pieces to Zin
 34476 | Depths:1 | Donated 22 gold pieces to Zin
 34477 | Depths:1 | Donated 11 gold pieces to Zin
 34478 | Depths:1 | Donated 6 gold pieces to Zin
 34479 | Depths:1 | Donated 3 gold pieces to Zin
 34480 | Depths:1 | Donated 1 gold piece to Zin
 34549 | D:15     | Was forgiven by Zin
 34766 | Spider:1 | Reached skill level 10 in Stealth
 34810 | Spider:1 | Reached XP level 18. HP: 113/122 MP: 27/27
 35356 | Spider:1 | You fall into a shaft and drop 1 floor!
 35710 | Spider:2 | Got a crude ring mail
 35721 | Spider:2 | Identified the +5 ring mail of Noso {MR+ SInv} (You found
                  | it on level 2 of the Spider Nest)
 35783 | Spider:2 | Learned a level 6 spell: Deflect Missiles
 36196 | Orc:2    | Bought a scroll of enchant weapon for 97 gold pieces
 36328 | Swamp:1  | Entered Level 1 of the Swamp
 36363 | Swamp:1  | Found a transporter.
 36666 | Swamp:1  | Found a transporter.
 36673 | Swamp:1  | Got a warped glass ring
 36686 | Swamp:1  | Got a serpentine marble ring
 36736 | Swamp:1  | Identified the ring of a Thousand Wishes {Int+5 Stlth+}
                  | (You found it on level 1 of the Swamp)
 36738 | Swamp:1  | Identified the ring of Gathaeqiad {*Tele Dex+3} (You found
                  | it on level 1 of the Swamp)
 37511 | Swamp:2  | Identified the +8 broad axe "Xuujosy" {drain, rElec rC-
                  | Int+3 Stlth+}
 37517 | Swamp:2  | Noticed Vogy's ghost (journeyman DDFi)
 37604 | Swamp:2  | Identified the +1 morningstar of Annoyance {antimagic, +Inv
                  | rC+}
 37839 | Orc:2    | Bought a scroll of enchant weapon for 82 gold pieces
 38211 | Swamp:2  | Found a bloodstained altar of Trog.
 38227 | Swamp:2  | Found a transporter.
 38230 | Swamp:2  | Found a transporter.
 38980 | Swamp:3  | Noticed Kirke
 39034 | Swamp:3  | Killed Kirke
 39721 | Swamp:4  | Entered Level 4 of the Swamp
 39849 | Swamp:4  | Reached XP level 19. HP: 127/127 MP: 28/28
 40078 | Swamp:4  | Got a pair of scorched gloves
 40552 | Swamp:4  | Reached skill level 5 in Hexes
 41515 | Swamp:4  | Found a basalt altar of Yredelemnul.
 41860 | Swamp:4  | Found a blossoming altar of Fedhas.
 41893 | Swamp:4  | Got a decaying rune of Zot
 43202 | Spider:3 | Identified the +1 pair of gloves of the Playwright {Str+2}
                  | (You found it on level 4 of the Swamp)
 43216 | Spider:3 | Noticed Bai Suzhen
 43587 | D:11     | Bought a faintly humming chain mail for 266 gold pieces
 43597 | D:11     | Identified the +9 chain mail "Keuhyob" {-Tele rN+ MR+} (You
                  | bought it in a shop on level 11 of the Dungeon)
 44072 | Spider:3 | Killed Bai Suzhen
 44072 | Spider:3 | Reached skill level 5 in Spellcasting
 44162 | Spider:3 | Noticed Aizul
 44163 | Spider:3 | Noticed Arachne
 44223 | Spider:2 | Killed Aizul
 45085 | Spider:4 | Entered Level 4 of the Spider Nest
 45205 | Spider:4 | Reached XP level 20. HP: 130/135 MP: 29/29
 47415 | Spider:4 | Got a gossamer rune of Zot
 47533 | Spider:4 | Noticed Nikola
 47541 | Spider:4 | Killed Nikola
 47895 | Elf:1    | Entered Level 1 of the Elven Halls
 47901 | Elf:1    | Found a huge runed gate.
 47901 | Elf:1    | Found a huge runed gate.
 47901 | Elf:1    | Found a huge runed gate.
 47901 | Elf:1    | Found a huge runed gate.
 48173 | Elf:1    | Found a huge runed gate.
 48173 | Elf:1    | Found a huge runed gate.
 48175 | Elf:1    | Found a huge runed gate.
 48190 | Elf:1    | Found a huge runed gate.
 48228 | Elf:1    | Found a huge runed gate.
 48228 | Elf:1    | Found a huge runed gate.
 48230 | Elf:1    | Found a huge runed gate.
 48488 | Elf:1    | Found a huge runed gate.
 48488 | Elf:1    | Found a huge runed gate.
 48488 | Elf:1    | Found a huge runed gate.
 48489 | Elf:1    | Found a huge runed gate.
 48489 | Elf:1    | Found a huge runed gate.
 48550 | Elf:1    | Found a huge runed gate.
 48551 | Elf:1    | Found a huge runed gate.
 48551 | Elf:1    | Found a huge runed gate.
 48680 | Elf:1    | Found a runed translucent door.
 48681 | Elf:1    | Found a runed translucent door.
 48682 | Elf:1    | Found a runed translucent door.
 49195 | Elf:1    | Found a huge runed gate.
 49195 | Elf:1    | Found a huge runed gate.
 49195 | Elf:1    | Found a huge runed gate.
 49196 | Elf:1    | Found a huge runed gate.
 49197 | Elf:1    | Found a huge runed gate.
 49231 | Elf:1    | Found a huge runed gate.
 49231 | Elf:1    | Found a huge runed gate.
 49259 | Elf:1    | Noticed a hellephant
 49263 | Elf:1    | Noticed a hellephant
 49291 | Elf:1    | Killed a hellephant
 49404 | Elf:1    | Reached XP level 21. HP: 140/140 MP: 31/31
 50024 | Elf:2    | Found Rosh's Antique Weapon Emporium.
 50189 | Elf:2    | Found Qoxacvet's General Store.
 50293 | Elf:2    | Reached skill level 10 in Earth Magic
 50453 | Elf:2    | Found a runed translucent gate.
 50453 | Elf:2    | Found a runed translucent gate.
 50453 | Elf:2    | Found a runed translucent gate.
 50602 | Elf:2    | Found a shimmering blue altar of Sif Muna.
 51337 | Elf:3    | Entered Level 3 of the Elven Halls
 51577 | Elf:3    | Reached skill level 10 in Hexes
 51701 | Elf:3    | Reached skill level 1 in Charms
 51701 | Elf:3    | Reached skill level 1 in Air Magic
 51907 | Elf:3    | HP: 7/140 [deep elf sorcerer/damnation (22)]
 51910 | Elf:3    | Cast into level 3 of the Abyss (a deep elf sorcerer)
 51915 | Abyss:3  | Identified the Volume of Cold and Stones
 52032 | Elf:3    | Escaped the Abyss
 52128 | Elf:3    | Noticed a Brimstone Fiend
 52516 | Elf:3    | Noticed a Brimstone Fiend
 52531 | Elf:3    | Reached XP level 22. HP: 104/146 MP: 29/32
 52902 | Elf:3    | Identified the cursed +1 spear of Tauxetso {speed, *Noise
                  | Dex+6 Stlth+}
 52945 | Elf:3    | HP: 1/146 [deep elf annihilator/bolt of lightning (24)]
 53413 | Elf:3    | Cast into level 3 of the Abyss (a deep elf sorcerer)
 53723 | Abyss:3  | Reached skill level 5 in Charms
 53750 | Abyss:3  | Reached skill level 5 in Air Magic
 54041 | Abyss:3  | Found an ornate altar of the Wu Jian Council.
 54263 | Abyss:3  | Noticed a bone dragon
 54397 | Abyss:4  | Found a corrupted altar of Lugonu.
 54397 | Abyss:4  | Found a corrupted altar of Lugonu.
 54398 | Abyss:4  | Found a transporter.
 54401 | Abyss:4  | Found a transporter.
 54507 | Abyss:4  | Got a smoking tin ring
 54547 | Abyss:5  | Entered Level 5 of the Abyss
 54563 | Abyss:5  | Found a corrupted altar of Lugonu.
 54592 | Abyss:5  | Paralysed by accursed screaming for 1 turns
 54595 | Abyss:5  | Paralysed by accursed screaming for 2 turns
 54601 | Abyss:5  | Killed from afar by a starcursed mass

Levels and vault maps discovered:
D:1:      dpeg_arrival_simpleton_b, layout_rooms, minmay_heptomino_l4
D:2:      layout_loops_ring
D:3:      layout_rooms, kennysheep_ying_yang, nicolae_overflow_crystal_walls,
          uniq_natasha
D:4:      layout_cave_pods, chequers_temple_overflow_statue_of_worship
D:5:      layout_basic, first_ration, lemuel_flamethrower_1
D:6:      minmay_razor_zed, layout_rooms, lemuel_coloured_pillars_altar,
          minmay_temple_entry_ruins, nicolae_zen_rock_garden,
          kennysheep_another_room
D:7:      layout_basic, kennysheep_little_box, serial_shops, shop, shop, shop,
          shop
D:8:      minmay_spotlight, layout_gridville, uniq_maggie
D:9:      layout_gridville, grunt_lair_entry_orc_guard_hut
D:10:     layout_roguey, blue_anna_alchemist [blue_anna_fruit_fields,
          blue_anna_fruit_fields]
D:11:     layout_irregular_city, orc_david_3, portal_ice_cave_rime,
          serial_shops, shop
D:12:     layout_layer_cave, uniq_erolcha, uniq_maurice
D:13:     layout_rooms, minivault_28
D:14:     layout_roguey, david_vaults_1, fedhas_altar_fruit_tree,
          gauntlet_entry_generic
D:15:     grunt_enter_depths_hoard, layout_irregular_city, basic_altar,
          uniq_agnes, uniq_louise
Temple:   eino_narrow_crystal_temple
Lair:1:   layout_regular_city
Lair:2:   minmay_lair_oklob_tunnel, layout_hall_layers,
          palyth_hydra_swamp_entry, lemuel_fruit_tree, serial_bayou_shore_a
Lair:3:   layout_cave_shapes, serial_bayou_shore_b, minmay_lair_oklob_chamber,
          uniq_gastronok
Lair:4:   layout_regular_city, spider_nest_entry_webs, serial_bayou_crossing,
          grunt_megastairs_5
Lair:5:   layout_roguey, minmay_another_anthill
Lair:6:   grunt_lair_end_beastmaster, layout_concentric_octagons, slime_altar_2,
          chequers_serial_rivers_room_a, grunt_forest_stairs_basic,
          grunt_megastairs_3
Swamp:1:  gammafunk_its_a_trap, layout_falls_marsh, evilmike_swamp_ruin_house_5
Swamp:2:  layout_falls_marsh, gammafunk_ghost_wrathful_warriors,
          nicolae_swamp_very_dense_foliage
Swamp:3:  layout_falls_marsh, evilmike_swamp_ruin_rubble_2, uniq_kirke
Swamp:4:  byrel_swamp_growth_death_and_undeath, layout_basic_swamp
Spider:1: layout_spider_delve
Spider:2: layout_spider_delve
Spider:3: layout_chambers, uniq_aizul, uniq_bai_suzhen, uniq_arachne
Spider:4: grunt_spider_rune_circles, drop_trap, uniq_nikola
Orc:1:    layout_caves
Orc:2:    st_orc_rangers, layout_caves, serial_shops, shop,
          statue_in_the_mist_lemuel
Elf:1:    minmay_the_grid_triangle_9x9_rhombus_full
          [minmay_the_grid_triangle_9x9_windchime,
          minmay_the_grid_triangle_9x9_intruding_spiral,
          minmay_the_grid_triangle_9x9_swiss_cheese,
          minmay_the_grid_triangle_9x9_warning,
          minmay_the_grid_triangle_9x9_fully_insulated_deathbox,
          minmay_the_grid_triangle_9x9_sparse_checkered,
          minmay_the_grid_triangle_9x9_minimal,
          minmay_the_grid_triangle_9x9_prize_schism], layout_geoelf_octagon,
          hangedman_corner_corridor, not_door_vault_due
Elf:2:    layout_loops_ring, serial_shops, shop, lemuel_blue_sif_altar,
          minmay_shop_star
Elf:3:    minmay_elf_hall_dome, layout_rooms, st_stairs_7
Depths:1: layout_forbidden_donut, hellmouth_3, moated_statue,
          kilobyte_rumbling_trees
Depths:2: kennysheep_gozag_temple, layout_cave_shapes,
          grunt_hell_entry_dis_grunt, marbit_kobold_abyss_entry, minivault_1
Abyss:5:  base: Swamp:1, evilmike_abyss_rune_siren_acolytes,
          lemuel_flamethrower_2

Skill      XL: |  1  2  3  4  5  6  7  8  9 10 11 12 13 14 15 16 17 18 19 20 21 22 |
---------------+-------------------------------------------------------------------+-----
Stealth        | 3 4 7 8 10 13 14 | 14.0
Short Blades   | 4 7 8 11 14 | 14.0
Fighting       | 4 5 7 8 9 10 11 | 11.0
Dodging        | 6 7 9 10 11 12 13 | 13.5
Invocations    | 5 8 10 11 12 13 | 13.5
Evocations     | 5 |  5.0
Armour         | 1 3 5 6 7 9 10 11 12 13 | 13.5
Transmutations | 4 5 6 8 9 |  9.4
Earth Magic    | 1 5 6 9 10 | 10.0
Spellcasting   | 2 5 |  5.0
Shields        | 8 10 12 13 | 13.5
Hexes          | 1 3 6 8 10 | 10.0
Charms         | 3 6 |  6.7
Air Magic      | 2 6 |  6.1

Action                   |  1- 3 |  4- 6 |  7- 9 | 10-12 | 13-15 | 16-18 | 19-21 | 22-24 || total
-------------------------+-------+-------+-------+-------+-------+-------+-------+-------++-------
Melee: Short sword       |    99 |   201 |   291 |       |       |       |       |       ||   591
       Dagger            |       |       |   161 |   923 |  1473 |  1133 |     1 |       ||  3691
       Rapier            |       |       |       |       |       |  1482 |  2207 |   479 ||  4168
Throw: Dart              |       |       |    65 |    45 |     9 |    41 |   293 |    10 ||   463
       Throwing net      |       |       |       |       |     2 |     1 |       |       ||     3
 Cast: Passwall          |       |       |       |     1 |     1 |     2 |    29 |    27 ||    60
       Summon Small Mamm |       |       |       |       |     1 |       |       |       ||     1
       Sticks to Snakes  |       |       |       |       |     1 |       |       |       ||     1
       Leda's Liquefacti |       |       |       |       |       |       |     1 |       ||     1
Invok: Donate Gold       |       |       |     7 |     1 |       |    10 |       |       ||    18
       Recite            |       |       |     1 |    13 |    60 |    26 |    19 |     6 ||   125
       Vitalisation      |       |       |       |       |       |       |     2 |       ||     2
       Sanctuary         |       |       |       |       |       |       |       |     4 ||     4
Evoke: Wand              |       |       |       |    10 |    34 |    16 |    34 |       ||    94
       Phantom mirror    |       |       |       |       |       |       |     1 |       ||     1
       Tin of tremorston |       |       |       |       |       |       |     1 |       ||     1
  Use: Potion            |       |     4 |       |       |     9 |     5 |    10 |    10 ||    38
       Scroll            |       |       |    11 |    15 |     6 |    27 |     5 |     2 ||    66
 Stab: Sleeping          |       |     3 |    23 |    23 |    14 |    42 |    37 |     2 ||   144
       Distracted        |       |     1 |     2 |     4 |     4 |     3 |     5 |     4 ||    23
       Invisible         |       |       |     1 |       |     4 |       |     3 |     7 ||    15
       Paralysed         |       |       |       |     4 |    19 |     5 |     7 |     1 ||    36
       Confused          |       |       |       |     7 |    27 |     6 |    18 |       ||    58
       Held in net/web   |       |       |       |       |     2 |       |     2 |       ||     4
       Petrifying        |       |       |       |       |       |     4 |       |       ||     4
  Eat: Chunk             |       |     5 |    15 |    20 |     9 |    24 |     4 |       ||    77
       Ration            |       |       |       |     1 |     7 |     8 |    14 |       ||    30
Armor: Robe              |     9 |       |       |       |       |       |       |       ||     9
       Ring mail         |     6 |    30 |    81 |       |       |       |       |       ||   117
       Skin              |       |     5 |       |       |       |       |       |       ||     5
       Troll leather arm |       |       |     4 |     1 |       |       |       |       ||     5
       Acid dragon scale |       |       |       |   142 |   320 |   287 |   119 |       ||   868
       Swamp dragon scal |       |       |       |       |       |       |   214 |    56 ||   270
Dodge: Dodged            |    75 |   132 |   294 |   528 |   956 |  1085 |   947 |   152 ||  4169
Block: Kite shield       |       |       |       |       |   753 |  1524 |  1330 |   259 ||  3866

Table legend:
 A = Non-vault XP
 B = Vault XP
 C = Vault XP percentage of total XP
 D = Non-vault monster count
 E = Vault monster count
 F = Vault count percentage of total count
                 A         B        C        D         E       F
            +---------+---------+-------+---------+---------+-------
      Total |  330386 |  229093 |  40.9 |    1038 |     431 |  29.3
            +---------+---------+-------+---------+---------+-------
        D:1 |      39 |       6 |  13.3 |      18 |       4 |  18.2
        D:2 |     144 |       0 |   0.0 |      24 |       0 |   0.0
        D:3 |     165 |      35 |  17.5 |      25 |       1 |   3.8
        D:4 |     146 |       0 |   0.0 |      13 |       0 |   0.0
        D:5 |     745 |       0 |   0.0 |      28 |       0 |   0.0
        D:6 |     986 |     261 |  20.9 |      18 |       9 |  33.3
        D:7 |     979 |       0 |   0.0 |      17 |       0 |   0.0
        D:8 |    1279 |     647 |  33.6 |      24 |       4 |  14.3
        D:9 |    1651 |     730 |  30.7 |      29 |       6 |  17.1
       D:10 |    4807 |     100 |   2.0 |      33 |       1 |   2.9
       D:11 |    3401 |     911 |  21.1 |      21 |       7 |  25.0
       D:12 |    4522 |    2059 |  31.3 |      21 |       3 |  12.5
       D:13 |    5831 |    5305 |  47.6 |      27 |      11 |  28.9
       D:14 |   18911 |    1358 |   6.7 |      38 |       5 |  11.6
       D:15 |   11228 |    6047 |  35.0 |      33 |       4 |  10.8
     Lair:1 |    4466 |       0 |   0.0 |      21 |       0 |   0.0
     Lair:2 |    3589 |    5510 |  60.6 |      14 |      10 |  41.7
     Lair:3 |    6024 |    4629 |  43.5 |      22 |       6 |  21.4
     Lair:4 |    2547 |     920 |  26.5 |      11 |       4 |  26.7
     Lair:5 |    9288 |    6330 |  40.5 |      35 |      32 |  47.8
     Lair:6 |   13993 |    9391 |  40.2 |      45 |      24 |  34.8
    Swamp:1 |   10437 |    4385 |  29.6 |      37 |       6 |  14.0
    Swamp:2 |    8509 |       0 |   0.0 |      23 |       0 |   0.0
    Swamp:3 |   14924 |    2740 |  15.5 |      52 |       4 |   7.1
    Swamp:4 |   17832 |   27804 |  60.9 |      34 |      42 |  55.3
   Spider:1 |   12184 |       0 |   0.0 |      37 |       0 |   0.0
   Spider:2 |   12447 |    1620 |  11.5 |      28 |       1 |   3.4
   Spider:3 |    9086 |    7221 |  44.3 |      31 |       2 |   6.1
   Spider:4 |   16924 |   27517 |  61.9 |      35 |      42 |  54.5
      Orc:1 |    2704 |       0 |   0.0 |      31 |       0 |   0.0
      Orc:2 |     602 |    3912 |  86.7 |       6 |      38 |  86.4
      Elf:1 |   17822 |   36026 |  66.9 |      30 |      49 |  62.0
      Elf:2 |   20936 |   25739 |  55.1 |      42 |      30 |  41.7
      Elf:3 |   16135 |   19959 |  55.3 |      21 |      15 |  41.7
   Depths:1 |   38399 |    7212 |  15.8 |      51 |      21 |  29.2
   Depths:2 |    4506 |       0 |   0.0 |      14 |       0 |   0.0
    Abyss:3 |   31282 |    1291 |   4.0 |      47 |       7 |  13.0
    Abyss:4 |     916 |    9556 |  91.3 |       2 |      12 |  85.7
    Abyss:5 |       0 |    2114 | 100.0 |       0 |       2 | 100.0
      IceCv |       0 |    3091 | 100.0 |       0 |      17 | 100.0
   Gauntlet |       0 |    4667 | 100.0 |       0 |      12 | 100.0
            +---------+---------+-------+---------+---------+-------
